Map: Orbital Shipyard

Players

LilDicky - Winner!

  • Race: Terran Terran
  • League: Diamond

ODiN

  • Race: Terran Terran

VOD

http://www.twitch.tv/tumescentpie

Description

Time

  • Played on: Dec. 2, 2015, 10:32 a.m.
  • Length: 9:19
Show
View Real Time Build Order
Export as new Build Order

LilDicky Terran - Winner!

Build Orders: Banshee Rush 

Get SALT Encoding   

  12  0:01  SCV  
  13  0:13  SCV  
  14  0:18  Supply Depot  
  14  0:25  SCV  
  15  0:40  SCV  
  16  0:44  Refinery, Barracks  
  16  0:46  Barracks  
  16  0:52  SCV  
  17  1:04  SCV  
  18  1:16  SCV  
  19  1:28  SCV  
  20  1:36  Supply Depot, Reaper  
  21  1:40  Orbital Command  
  21  1:44  Refinery  
  21  2:17  Factory  
  21  2:18  SCV  
  21  2:20  Marine  
  21  2:22  Command Center  
  23  2:30  SCV  
  24  2:42  SCV  
  25  2:55  Marine  
  25  2:59  Factory Tech Lab  
  25  3:01  Starport  
  25  3:04  SCV  
  26  3:07  Supply Depot  
  26  3:13  Marine  
  26  3:17  SCV  
  28  3:29  SCV  
  28  3:30  Marine  
  28  3:31  Engineering Bay  
  28  3:33  Supply Depot  
  30  3:41  SCV  
  30  3:42  Widow Mine  
  30  3:43  Banshee, Cloaking Field  
  30  3:47  Orbital Command  
  36  3:48  Marine  
  36  3:53  SCV  
  38  4:04  Supply Depot  
  38  4:05  SCV  
  38  4:06  Missile Turret  
  38  4:09  Marine  
  39  4:13  Factory Tech Lab  
  40  4:17  SCV  
  40  4:18  SCV  
  40  4:23  Missile Turret  
  42  4:27  Marine  
  42  4:28  Banshee  
  46  4:32  SCV  
  46  4:34  Siege Tank  
  46  4:37  SCV  
  51  4:44  SCV  
  52  4:46  Supply Depot  
  52  4:49  SCV  
  52  4:51  Marine  
  54  4:56  SCV  
  55  5:01  SCV  
  55  5:06  Siege Tank  
  59  5:08  SCV  
  59  5:09  Marine  
  61  5:32  Marine  
  62  5:44  Siege Tank  
  62  5:47  SCV  
  62  5:49  Marine  
  66  5:51  Barracks  
  66  5:52  Barracks  
  66  5:55  Missile Turret  
  66  5:56  Missile Turret  
  67  5:58  Missile Turret  
  67  6:00  Banshee  
  67  6:01  Missile Turret  
  67  6:03  Missile Turret x3  
  70  6:07  Marine  
  71  6:16  Siege Tank, Missile Turret x2  
  74  6:25  Marine  
  74  6:43  Marine  
  75  7:01  Marine  
  76  7:08  Supply Depot  
  76  7:09  Banshee, Siege Tank  
  76  7:10  Supply Depot, Marine  
  83  7:18  Marine  
  83  7:36  Marine  
  83  7:54  Marine  
  83  8:12  Marine  
  83  8:49  Marine x2  
  83  8:50  SCV  
  83  8:51  SCV  
  83  9:00  Marine  
  83  9:03  SCV x2  
Show
View Real Time Build Order
Export as new Build Order

ODiN Terran 

Build Orders: Command Center First (CC) 

Get SALT Encoding   

  12  0:01  SCV  
  13  0:13  SCV  
  14  0:17  Supply Depot  
  14  0:25  SCV  
  15  0:47  SCV  
  16  0:59  SCV  
  16  1:01  Command Center  
  17  1:12  SCV  
  17  1:16  Barracks  
  18  1:24  SCV  
  19  1:39  SCV  
  20  1:52  SCV  
  21  2:04  SCV  
  21  2:07  Refinery  
  21  2:08  Refinery, Marine  
  23  2:16  Orbital Command x2  
  23  2:25  Marine  
  24  2:43  SCV x2, Marine  
  26  3:01  Marine  
  26  3:05  Factory  
  27  3:07  Barracks  
  27  3:09  Barracks  
  27  3:11  Barracks  
  27  3:12  Barracks  
  27  3:19  Marine  
  28  3:23  SCV  
  28  3:24  SCV, Supply Depot  
  30  3:35  SCV, Engineering Bay  
  30  3:36  SCV  
  30  3:37  Marine  
  33  3:48  SCV x2  
  35  3:51  Starport  
  35  3:52  Factory Reactor  
  35  4:00  SCV x2  
  37  4:07  Missile Turret  
  37  4:10  Missile Turret  
  37  4:15  SCV x2  
  37  4:17  Marine x5  
  39  4:18  Missile Turret  
  44  4:27  SCV  
  44  4:28  SCV  
  44  4:31  Missile Turret  
  46  4:38  Barracks Tech Lab  
  46  4:39  Barracks Reactor, Barracks Tech Lab  
  46  4:40  Barracks Reactor x2  
  46  4:48  Supply Depot  
  46  4:51  Supply Depot  
  46  4:54  Refinery  
  46  4:56  Refinery  
  46  5:00  SCV x2, Medivac x2  
  50  5:18  Missile Turret  
  50  5:19  Marine x6  
  50  5:20  Marine x2  
  57  5:23  Missile Turret  
  57  5:30  Viking  
  58  5:58  Marine  
  58  5:59  Marine x7  
  66  6:05  SCV x2  
  66  6:08  Supply Depot  
  68  6:13  Medivac x2  
  68  6:16  Factory Tech Lab, Marine  
  68  6:17  Marine x5  
  78  6:34  Marine  
  78  6:35  Marine  
  78  6:36  Marine  
  50  6:50  Marine x3  
  50  6:52  Marine  
  54  6:58  Marine  
  53  7:08  Marine  
  53  7:10  Marine  
Tags
 
Add a new tag
Caveats
  • Supply blocks, unpowered buildings, or Contaminate may cause inaccurate times.
  • Supply counts are checked every 10 seconds.